 Dungeon Crawl Stone Soup version 0.22.3-3-g34f245f157 (webtiles) character file.

116 Morbidden the Chucker (level 4, 0/42 HPs)
             Began as a Troll Hunter on Aug 21, 2020.
             Slain by an ice beast (4 damage)
             ... on level 3 of the Dungeon.
             The game lasted 00:03:52 (1824 turns).

Morbidden the Chucker (Troll Hunter)                Turns: 1824, Time: 00:03:52

Health: 0/42       AC:  5    Str: 21    XL:     4   Next: 70%
Magic:  3/3        EV:  7    Int:  7    God:
Gold:   132        SH:  7    Dex: 10    Spells: 3/3 levels left

rFire    . . .     SeeInvis .     - Unarmed
rCold    . . .     Gourm    +   u - +0 shield
rNeg     . . .     Faith    .   b - +0 robe
rPois    .         Spirit   .   (helmet restricted)
rElec    .         Reflect  .   (no cloak)
rCorr    .         Harm     .   (gloves unavailable)
MR       .....                  (boots unavailable)
Stlth    +.........             (no amulet)
HPRegen  0.54/turn              (no ring)
MPRegen  0.08/turn              (no ring)

@: no status effects
A: large, unfitting armour, claws 3, fast metabolism 3, gourmand, regeneration
1, shaggy fur 1, tough skin 2
a: no special abilities


You were on level 3 of the Dungeon.
You were full.

You visited 1 branch of the dungeon, and saw 3 of its levels.

You collected 132 gold pieces.

Inventory:

Missiles
 c - a large rock (quivered)
 d - 2 throwing nets
 i - 4 curare-tipped needles
 n - 49 stones
 r - 13 poisoned needles
Armour
 b - a +0 robe (worn)
 u - a +0 shield (worn)
Jewellery
 g - a +3 amulet of reflection {unknown}
Scrolls
 h - 4 scrolls of remove curse {unknown}
 l - a scroll of blinking {unknown}
 p - 2 scrolls of identify {unknown}
Potions
 a - a potion of haste {unknown}
 e - 2 potions of lignification {unknown}
 j - 2 potions of ambrosia {unknown}
 k - a potion of magic {unknown}
 m - 2 potions of curing {unknown}
 o - a potion of might {unknown}
 q - a potion of heal wounds {unknown}
 s - 2 potions of invisibility {unknown}
 t - a potion of resistance {unknown}
 v - 2 potions of agility {unknown}
 w - a potion of mutation {unknown}
Comestibles
 f - 5 rations


   Skills:
 * Level 2.0 Fighting
 * Level 4.2 Throwing
 + Level 2.0 Dodging
 + Level 0.4 Stealth
 * Level 2.8 Unarmed Combat


You had 3 spell levels left.
You didn't know any spells.
Your spell library contained the following spells:

 Spells                   Type           Power        Failure   Level  Hunger
 Magic Dart               Conj           #...         97%         1    ##.....
 Blink                    Tloc           N/A          99%         2    ###....
 Call Imp                 Summ           #.......     99%         2    ###....
 Slow                     Hex            #.......     99%         2    ###....
 Conjure Flame            Conj/Fire      #.......     100%        3    ####...
 Mephitic Cloud           Conj/Pois/Air  #.......     100%        3    ####...


Dungeon Overview and Level Annotations

Branches:
Dungeon (3/15)

Altars:
Sif Muna
Wu Jian


Innate Abilities, Weirdness & Mutations

You are too large for most types of armour.
You have claws for hands.
Your metabolism is lightning-fast.
You like to eat raw meat.
Your natural rate of healing is unusually fast.
You are covered in fur. (AC +1)
You have very tough skin. (AC +2)


Message History

The ice beast hits you but does no damage.
Unknown command.
Throwing (i - inventory. (/) - cycle)
c - 3 large rocks (quivered)
Press: ? - help, Shift-Dir - straight line, f/p - ice beast
Aim: an ice beast You throw a large rock.
The large rock hits the ice beast.
The ice beast is lightly wounded.
You block the ice beast's attack. The ice beast hits you.
* * * LOW HITPOINT WARNING * * *
The ice beast freezes you!
* * * LOW HITPOINT WARNING * * *
Unknown command.
Unknown command.
Throwing (i - inventory. (/) - cycle)
c - 2 large rocks (quivered)
Press: ? - help, Shift-Dir - straight line, f/p - ice beast
Aim: an ice beast (lightly wounded)
You throw a large rock. The large rock hits the ice beast!
The ice beast is severely wounded.
The ice beast barely misses you. The ice beast hits you.
You die...

#..........
#..........
#..........
######..........
#....'..........
##.###..........
#....#
#.....#########
#....# #####.#
#....# #@# #....#
#Y# ##### #....#
#l# #...# #....#
#.# #...# #....#
#.# #...# #.....
#.# ###.#####....#
#.#####.....#.#'##
#.##....l...#l....
#.##.##.##..#.....


You could see an ice beast and a frilled lizard.

Vanquished Creatures
  An orc priest (D:3)
  2 adders (D:2)
  2 worms (D:2)
  4 dart slugs
  2 leopard geckos
  2 orcs (D:3)
  3 bats
  2 giant cockroaches (D:1)
  6 goblins
  8 hobgoblins
  3 jackals (D:2)
  2 frilled lizards (D:2)
  8 kobolds
  7 rats (D:1)
52 creatures vanquished.

Notes
Turn   | Place    | Note
-------+----------+-------------------------------------------
     0 | D:1      | Morbidden the Troll Hunter began the quest for the Orb.
     0 | D:1      | Reached XP level 1. HP: 19/19 MP: 0/0
   139 | D:1      | Reached XP level 2. HP: 28/28 MP: 1/1
   247 | D:1      | Reached skill level 4 in Throwing
   672 | D:1      | Reached XP level 3. HP: 35/35 MP: 2/2
  1003 | D:2      | Reached skill level 1 in Unarmed Combat
  1363 | D:2      | Found an ornate altar of the Wu Jian Council.
  1590 | D:2      | Reached XP level 4. HP: 31/42 MP: 3/3
  1721 | D:3      | Found a deep blue altar of Sif Muna.
  1786 | D:3      | Noticed an ice beast
  1824 | D:3      | Slain by an ice beast

Skill      XL: |  1  2  3  4 |
---------------+-------------+-----
Throwing       | 4 |  4.2
Unarmed Combat | 2 |  2.8
Dodging        | 2 |  2.0
Fighting       | 2 |  2.0
Stealth        | |  0.4

Action                   |  1- 3 |  4- 6 || total
-------------------------+-------+-------++-------
Melee: Unarmed           |   138 |    32 ||   170
       Punch             |     1 |       ||     1
Throw: Stone             |     5 |     1 ||     6
       Large rock        |     1 |     4 ||     5
  Eat: Chunk             |    10 |     8 ||    18
Armor: Robe              |    46 |    15 ||    61
Dodge: Dodged            |    69 |     8 ||    77
Block: Shield            |     1 |     9 ||    10
